 Dungeon Crawl Stone Soup version 0.14.1 (webtiles) character file.

796 Kae the Insei (level 7, -4/52 HPs)
             Began as a Yellow Draconian Transmuter on May 1, 2014.
             Slain by an ice beast (5 damage)
             ... on Level 5 of the Dungeon.
             The game lasted 00:07:56 (5113 turns).

Kae the Insei (Yellow Draconian Transmuter)         Turns: 5113, Time: 00:07:56

HP  -4/52        AC  9     Str 12      XL: 7   Next: 33%
MP  12/12        EV 17     Int 15      God:
Gold 121         SH  0     Dex 19      Spells:  3 memorised,  4 levels left

rFire  + . .     SeeInvis .       - Unarmed
rCold  x . .     Clarity  .     (armour unavailable)
rNeg   . . .     Conserve .     (no shield)
rPois  .         rCorr    +     (helmet restricted)
rElec  .         rRot     .     t - +0 cloak
SustAb . .       Spirit   .     v - +1 pair of gloves
rMut   .         Warding  .     (boots unavailable)
Saprov . . .     Stasis   .     (no amulet)
MR     .....                    (no ring)
                                l - ring of fire

@: appendage, agile, slowed, very slow, not resistant to hostile enchantments,
stealthy
A: spit acid, acid resistance, unfitting armour, talons 3, clever 1, AC +6
a: Spit Acid, End Transformation


You were on level 5 of the Dungeon.
You were hungry.
You had grown temporary talons.
You visited 1 branch of the dungeon, and saw 5 of its levels.

You collected 121 gold pieces.

Inventory:

Missiles
 b - 12 arrows
 m - 4 tomahawks (quivered)
 q - 13 darts
 s - 2 silver darts
Armour
 t - a +0 cloak (worn)
 v - a +1 pair of gloves (worn)
Magical devices
 u - a wand of digging (20)
Comestibles
 a - 4 bread rations
 i - 3 meat rations
 n - a pear
 o - a royal jelly
Scrolls
 f - 3 scrolls of remove curse
 x - a scroll of recharging
Jewellery
 l - a ring of fire (left hand)
Potions
 j - a potion of curing
 r - a potion of resistance
 w - 2 potions of haste
 z - a potion of heal wounds {unknown}
 A - 2 potions of confusion
 B - 2 potions of magic
Books
 d - a book of Changes

   Spells                             Type                      Level
   *Beastly Appendage                 Transmutation                1
   *Sticks to Snakes                  Transmutation                2
   *Spider Form                       Transmutation/Poison         3
   Ice Form                           Ice/Transmutation            4
   Blade Hands                        Transmutation                5


   Skills:
 - Level 1.1 Fighting
 - Level 1.7 Dodging
 * Level 7.2 Unarmed Combat
 - Level 2.0 Spellcasting
 + Level 5.1 Transmutations


You had 4 spell levels left.
You knew the following spells:

 Your Spells              Type           Power        Failure   Level  Hunger
a - Beastly Appendage     Trmt           ###...       2%          1    #......
b - Sticks to Snakes      Trmt           ###.......   4%          2    ###....
c - Spider Form           Trmt/Pois      #.........   24%         3    ####...


Dungeon Overview and Level Annotations

Branches:
Dungeon (5/15)
 Temple: D:4-7

Altars:
Fedhas
Trog

Shops:
D:4 =


Innate Abilities, Weirdness & Mutations

You can spit globs of acid.*
You can corrode armour when you spit acid.*
You are resistant to acid.*
Your golden yellow scales are hard (AC +6).*
Your body does not fit into most forms of armour.
Your cold-blooded metabolism reacts poorly to cold.
You have claws for feet.*
Your mind is acute. (Int +2)


Message History

The ice beast hits you. The ice beast freezes you!
You feel a terrible chill!
You feel yourself slow down.
Ouch! That really hurt!
You feel as though you will be slow longer.
You barely miss the ice beast.
The ice beast is heavily wounded.
The ice beast barely misses you.
Unknown command.
You hit the ice beast but do no damage. You punch the ice beast!
The ice beast is severely wounded.
The ice beast misses you.
You hit the ice beast but do no damage.
The ice beast is severely wounded.
The ice beast hits you. The ice beast freezes you!
You feel a terrible chill!
You feel as though you will be slow longer.
Two of your 3 potions of curing freeze and shatter!
* * * LOW HITPOINT WARNING * * *
You feel as though you will be slow longer.
The ice beast hits you.
You die...

#...............#
#...............#
#...............#
#..........>.>..#
#...............#
#...............#
#.........<....(#
#..........I....#
#..........@....#
#.........(.<[..#
#..........(....#
#...............#
#...............#
#...............#
#...............########
#.......................
#........................


You could see an ice beast.

Vanquished Creatures
  The ghost of Kae the Insei, an average DrTm (D:3)
  2 centaurs (D:5)
  A scorpion (D:4)
  A hound (D:5)
  An orc priest (D:3)
  An iguana (D:4)
  4 worker ants
  Jessica (D:3)
  An ogre skeleton (D:4)
  7 adders
  An inept feature mimic (D:3)
  An orc skeleton (D:3)
  A giant gecko (D:4)
  An ooze (D:3)
  8 orcs
  13 bats
  9 goblins
  13 hobgoblins
  3 quokkas
  7 giant cockroaches
  2 giant newts
  A hobgoblin skeleton (D:5)
  15 kobolds
  A kobold skeleton (D:5)
  6 rats
102 creatures vanquished.

Notes
Turn   | Place    | Note
--------------------------------------------------------------
     0 | D:1      | Kae, the Draconian Transmuter, began the quest for the Orb.
     0 | D:1      | Reached XP level 1. HP: 16/16 MP: 3/3
   235 | D:1      | Reached XP level 2. HP: 17/23 MP: 4/4
   941 | D:2      | Reached XP level 3. HP: 6/28 MP: 6/6
  1389 | D:2      | Reached skill level 4 in Unarmed Combat
  1824 | D:2      | Found a blossoming altar of Fedhas.
  1963 | D:2      | Reached XP level 4. HP: 31/35 MP: 5/7
  2111 | D:3      | Noticed Jessica
  2126 | D:3      | Killed Jessica
  2542 | D:3      | Reached skill level 5 in Unarmed Combat
  2600 | D:3      | Reached XP level 5. HP: 34/40 MP: 9/9
  2640 | D:3      | Noticed Kae's ghost (average DrTm)
  2689 | D:2      | Gained mutation: Your mind is acute. (Int +2) [potion of beneficial mutation]
  2716 | D:2      | Learned a level 2 spell: Sticks to Snakes
  2720 | D:2      | Learned a level 3 spell: Spider Form
  2737 | D:3      | Killed Kae's ghost
  3387 | D:3      | Reached XP level 6. HP: 47/47 MP: 10/10
  3621 | D:4      | Reached skill level 6 in Unarmed Combat
  3804 | D:4      | Found Brelaim's Jewellery Shop.
  3924 | D:4      | Found a bloodstained altar of Trog.
  4162 | D:5      | Entered Level 5 of the Dungeon
  4433 | D:4      | Your scales start taking on a golden yellow colour.
  4433 | D:4      | Reached XP level 7. HP: 52/52 MP: 12/12
  4543 | D:5      | Reached skill level 7 in Unarmed Combat
  4543 | D:5      | Reached skill level 5 in Transmutations
  5113 | D:5      | HP: 1/52 [ice beast (18)]
  5113 | D:5      | Slain by an ice beast

Action                   |  1- 3 |  4- 6 |  7- 9 || total
-------------------------+-------+-------+-------++-------
Melee: Unarmed           |   165 |   272 |    40 ||   477
 Cast: Beastly Appendage |     3 |    14 |     5 ||    22
Evoke: Wand              |       |     1 |       ||     1
  Use: Scroll            |       |     9 |     7 ||    16
       Potion            |       |     1 |     1 ||     2
